WINNIPEG Jets vs NASHVILLE Predators

Created - 23 février 2024 at 14:29

Goals
1 2 3 OT1 T
WINNIPEG Jets 2 1 1 0 4
NASHVILLE Predators 2 1 1 1 5
Shots
1 2 3 OT1 T
WINNIPEG Jets 10 12 12 2 36
NASHVILLE Predators 6 11 10 3 30

1st period

1. NASHVILLE Predators , Jean-Gabriel Pageau 3 (Brent Burns 7, Jaccob Slavin 16) at 13:33
2. WINNIPEG Jets , Troy Terry 6 (Brandon Hagel 11, Trevor van Riemsdyk 7) at 15:52
3. NASHVILLE Predators , Dylan Larkin 5 (Dmitry Kulikov 3, Travis Hamonic 7) at 16:09
4. WINNIPEG Jets , Brian Dumoulin 1 (Brandon Hagel 12, Trevor van Riemsdyk 8) at 19:21

Penalties :
No Penalty

2nd period

5. WINNIPEG Jets , Clayton Keller 7 (Tim Stutzle 10, Travis Sanheim 12) at 6:15
6. NASHVILLE Predators , Dylan Larkin 6 (Esa Lindell 12, Johnny Gaudreau 8) at 16:36

Penalties :
Tanner Jeannot (NSH) for Delaying the game (Minor) at 1:26

3rd period

7. WINNIPEG Jets , Miro Heiskanen 3 (Alexander Kerfoot 4, Evan Bouchard 8) at 4:43
8. NASHVILLE Predators , Jimmy Vesey 2 (Travis Hamonic 8, Jean-Gabriel Pageau 9) at 19:46

Penalties :
Brent Burns (NSH) for Slashing (Minor) at 1:54, Miro Heiskanen (WPG) for Interference (Minor) at 5:44, Luke Schenn (NSH) for Fighting (Major) at 10:04, Logan Couture (WPG) for Fighting (Major) at 10:04, Jimmy Vesey (NSH) for Fighting (Major) at 10:04, Clayton Keller (WPG) for Fighting (Major) at 10:04, Jean-Gabriel Pageau (NSH) for Fighting (Major) at 10:04, Tim Stutzle (WPG) for Fighting (Major) at 10:04, Tim Stutzle (WPG) for instigated a fight (Game Misconduct) at 10:04, Esa Lindell (NSH) for Roughing (Minor) at 10:04, Reilly Smith (NSH) for Slashing (Minor) at 10:04, Miro Heiskanen (WPG) for High sticking (Minor) at 10:04, Evan Bouchard (WPG) for Cross-checking (Minor) at 10:04, Dylan Larkin (NSH) for Slashing (Minor) at 13:38, Travis Sanheim (WPG) for Roughing (Minor) at 13:38

Overtime #1

9. NASHVILLE Predators , Johnny Gaudreau 9 (Jean-Gabriel Pageau 10, Esa Lindell 13) at 2:31

Penalties :
No Penalty

Goalie Stats

Jeremy Swayman (WPG), 25 saves from 30 shots - (0,833), OTL, 7-9-3, 62:32 minutes
Juuse Saros (NSH), 32 saves from 36 shots - (0,889), W, 13-3-4, 62:22 minutes

Players Stats for WINNIPEG Jets

Player Name              G  A  P  +/- PIM S  H  SB GA TA FO     MP     PP MP  PK MP  
------------------------------------------------------------------------------------
Alexander Kerfoot        0  1  1   0  0   1  1  0  0  0  0/0    13:33   0:00   1:24 
Brandon Hagel            0  2  2   0  0   7  2  0  0  0  0/1    19:10   1:47   0:00 
Brian Dumoulin           1  0  1   0  0   1  4  1  0  0  0/0    19:29   0:00   1:58 
Clayton Keller           1  0  1  -2  5   6  3  0  0  0  1/2    20:36   2:11   0:00 
Evan Bouchard            0  1  1   1  2   1  2  0  0  0  0/0    17:27   1:36   0:00 
Ilya Mikheyev            0  0  0   1  0   2  0  0  0  0  0/0    10:02   0:00   0:35 
Jaden Schwartz           0  0  0   0  0   2  2  0  0  0  0/2     6:48   0:00   0:00 
Kaapo Kakko              0  0  0   0  0   0  1  0  0  0  0/0     6:28   0:00   0:00 
Logan Couture            0  0  0  -2  5   0  3  0  0  0  7/21   20:36   2:11   0:00 
Mathew Barzal            0  0  0   0  0   3  0  0  0  0  7/16   13:19   1:47   0:00 
Miro Heiskanen           1  0  1   1  4   3  0  1  0  0  0/0    18:12   2:22   0:00 
Nick Suzuki              0  0  0   1  0   0  1  0  0  0  15/26  18:55   1:47   1:24 
Radek Faksa              0  0  0   0  0   1  1  1  0  0  7/15   10:47   0:00   1:53 
Rasmus Dahlin            0  0  0  -1  0   1  5  1  0  0  0/0    24:40   2:22   1:57 
Tim Stutzle              0  1  1  -1  17  5  1  0  0  0  3/3    18:58   2:11   0:00 
Travis Sanheim           0  1  1  -1  2   0  0  2  0  0  0/0    23:36   1:36   1:40 
Trevor van Riemsdyk      0  2  2  -1  0   2  2  1  0  0  0/0    19:04   0:00   2:21 
Troy Terry               1  0  1   1  0   1  0  0  0  0  0/4    17:53   0:00   0:41 

Players Stats for NASHVILLE Predators

Player Name              G  A  P  +/- PIM S  H  SB GA TA FO     MP     PP MP  PK MP  
------------------------------------------------------------------------------------
Aleksander Barkov        0  0  0  -2  0   6  0  1  0  0  19/35  23:40   0:53   1:10 
Alex DeBrincat           0  0  0  -2  0   1  0  1  0  0  0/3    24:30   0:53   1:21 
Brent Burns              0  1  1  -1  2   2  2  1  0  0  0/0    27:24   0:53   0:00 
Dmitry Kulikov           0  1  1   2  0   1  3  0  0  0  0/0    13:46   0:00   0:00 
Dylan Gambrell           0  0  0   0  0   0  0  0  0  0  3/5     6:30   0:00   0:00 
Dylan Larkin             2  0  2   2  2   6  2  0  0  0  10/17  17:44   1:06   0:00 
Esa Lindell              0  2  2   0  2   0  1  2  0  0  0/0    23:20   1:06   1:55 
Jaccob Slavin            0  1  1  -1  0   1  1  1  0  0  0/0    24:24   0:53   2:03 
Jean-Gabriel Pageau      1  2  3   1  5   2  1  0  0  0  12/20  13:18   0:00   2:27 
Jimmy Vesey              1  0  1   0  5   4  0  0  0  0  1/1    10:32   0:00   0:21 
Johnny Gaudreau          1  1  2   3  0   2  0  0  0  0  0/0    19:08   0:53   0:38 
Jonatan Berggren         0  0  0   0  0   0  0  0  0  0  0/0     6:30   0:00   0:00 
Luke Schenn              0  0  0  -1  5   0  0  1  0  0  0/0    16:15   0:00   1:55 
Nicholas Robertson       0  0  0   0  0   1  0  0  0  0  0/0     6:30   0:00   0:00 
Pavel Zacha              0  0  0   2  0   2  2  1  0  0  1/2    17:09   1:06   0:21 
Reilly Smith             0  0  0   0  2   1  0  0  0  0  2/3    11:56   1:06   0:00 
Tanner Jeannot           0  0  0  -2  2   1  7  0  0  0  2/4    19:36   0:00   1:38 
Travis Hamonic           0  2  2   2  0   0  1  1  0  0  0/0    17:20   1:06   2:03 

3 Stars

1 - Dylan Larkin (NSH)
2 - Johnny Gaudreau (NSH)
3 - Travis Hamonic (NSH)

Power Play

WINNIPEG Jets - 0 on 2 Attempt(s) - 0,00%
NASHVILLE Predators - 0 on 2 Attempt(s) - 0,00%

Penalty Kill

WINNIPEG Jets - 2 on 2 Attempt(s) - 100,00% - Score 0 goal in Penalty Kill
NASHVILLE Predators - 2 on 2 Attempt(s) - 100,00% - Score 0 goal in Penalty Kill

Team Stat

WINNIPEG Jets - Hits : 28 - Faceoff Wins : 40 - Blocked Shots : 7 - Penalty Minutes : 35
NASHVILLE Predators - Hits : 20 - Faceoff Wins : 50 - Blocked Shots : 9 - Penalty Minutes : 25

Official

Referees : Wes McCauley and Anniina Nurmi
Linesman : Ryan Galloway and Kirsten Welsh

Game Notes

General Fight at 10:04 of 3rd period
Luke Schenn beats up Logan Couture at 10:04 of 3rd period
Jimmy Vesey and Clayton Keller fight to a draw at 10:04 of 3rd period
Tim Stutzle beats up Jean-Gabriel Pageau at 10:04 of 3rd period
Tim Stutzle (WPG) for instigated a fight (Game Misconduct) at 10:04
Tim Stutzle ejected from game at 10:04 of 3rd period

Finance

Level 1 -- Attendance: 6151 (87,87%) -- Ticket Income $584,345
Level 2 -- Attendance: 5099 (84,98%) -- Ticket Income $280,445
Level 3 -- Attendance: 2743 (91,43%) -- Ticket Income $87,776
Level 4 -- Attendance: 4554 (91,08%) -- Ticket Income $91,080
Luxury Box -- Attendance: 797 (76,63%) -- Ticket Income $159,400
Game was played at the Bridgestone Arena.
Total Attendance: 19344 (87,77%)
Total Ticket Income: $1,203,046
Other Income: $300,762
Total Income: $1,503,808

WINNIPEG Jets

5 vs 5 Forward 
   Center                   Left Wing                Right Wing               Time % Phy DF OF 
 1 Logan Couture            Tim Stutzle              Clayton Keller           40     1   2  2  
 2 Nick Suzuki              Brandon Hagel            Troy Terry               30     1   2  2  
 3 Mathew Barzal            Alexander Kerfoot        Ilya Mikheyev            20     1   2  2  
 4 Radek Faksa              Jaden Schwartz           Kaapo Kakko              10     1   2  2  

5 vs 5 Defense 
   Defense                  Defense                                           Time % Phy DF OF 
 1 Rasmus Dahlin            Travis Sanheim                                    40     1   2  2  
 2 Evan Bouchard            Miro Heiskanen                                    30     1   2  2  
 3 Trevor van Riemsdyk      Brian Dumoulin                                    20     1   2  2  
 4 Trevor van Riemsdyk      Brian Dumoulin                                    10     1   2  2  

PowerPlay Forward 
   Center                   Left Wing                Right Wing               Time % Phy DF OF 
 1 Logan Couture            Tim Stutzle              Clayton Keller           60     1   2  2  
 2 Nick Suzuki              Brandon Hagel            Mathew Barzal            40     1   2  2  

PowerPlay Defense
   Defense                  Defense                                           Time % Phy DF OF 
 1 Rasmus Dahlin            Miro Heiskanen                                    60     1   2  2  
 2 Evan Bouchard            Travis Sanheim                                    40     1   2  2  

Penalty Kill 4 Players Forward 
   Center                   Wing                     Time % Phy DF OF 
 1 Nick Suzuki              Alexander Kerfoot        60     1   2  2  
 2 Radek Faksa              Ilya Mikheyev            40     1   2  2  

Penalty Kill 4 Players Defense
   Defense                  Defense                  Time % Phy DF OF 
 1 Brian Dumoulin           Trevor van Riemsdyk      60     1   2  2  
 2 Travis Sanheim           Rasmus Dahlin            40     1   2  2  

Penalty Kill - 3 Players Forward 
   Forward                                           Time % Phy DF OF 
 1 Logan Couture                                     60     1   2  2  
 2 Nick Suzuki                                       40     1   2  2  

Penalty Kill - 3 Players Defense
   Defense                  Defense                  Time % Phy DF OF 
 1 Rasmus Dahlin            Miro Heiskanen           60     1   2  2  
 2 Evan Bouchard            Brian Dumoulin           40     1   2  2  

4 vs 4 Forward 
   Center                   Wing                     Time % Phy DF OF 
 1 Mathew Barzal            Brandon Hagel            60     1   2  2  
 2 Radek Faksa              Jaden Schwartz           40     1   2  2  

4 vs 4 Defense
   Defense                  Defense                  Time % Phy DF OF 
 1 Trevor van Riemsdyk      Travis Sanheim           60     1   2  2  
 2 Evan Bouchard            Brian Dumoulin           40     1   2  2  

Last Minutes Offensive
   Center                   Left Wing                Right Wing               Defense                  Defense                  
   Logan Couture            Clayton Keller           Mathew Barzal            Rasmus Dahlin            Miro Heiskanen           

Last Minutes Defensive
   Center                   Left Wing                Right Wing               Defense                  Defense                  
   Logan Couture            Clayton Keller           Alexander Kerfoot        Brian Dumoulin           Trevor van Riemsdyk      

Goaltenders
Starting : Jeremy Swayman           
Backup : Pavel Francouz           

Extra Forwards
Normal : Troy Terry, Nick Suzuki, Alexander Kerfoot - PP : Troy Terry, Nick Suzuki - PK : Troy Terry
Extra Defensemen
Normal : Brian Dumoulin, Trevor van Riemsdyk, Travis Sanheim - PP : Brian Dumoulin - PK : Brian Dumoulin, Trevor van Riemsdyk
Penalty Shots
Logan Couture, Clayton Keller, Brandon Hagel, Tim Stutzle, Troy Terry

Scratches
None

NASHVILLE Predators

5 vs 5 Forward 
   Center                   Left Wing                Right Wing               Time % Phy DF OF 
 1 Aleksander Barkov        Alex DeBrincat           Tanner Jeannot           40     1   2  2  
 2 Dylan Larkin             Johnny Gaudreau          Pavel Zacha              30     0   2  3  
 3 Jean-Gabriel Pageau      Jimmy Vesey              Reilly Smith             20     2   2  1  
 4 Dylan Gambrell           Nicholas Robertson       Jonatan Berggren         10     1   2  2  

5 vs 5 Defense 
   Defense                  Defense                                           Time % Phy DF OF 
 1 Brent Burns              Jaccob Slavin                                     40     0   3  2  
 2 Esa Lindell              Luke Schenn                                       30     1   2  2  
 3 Travis Hamonic           Dmitry Kulikov                                    20     1   3  1  
 4 Esa Lindell              Brent Burns                                       10     1   2  2  

PowerPlay Forward 
   Center                   Left Wing                Right Wing               Time % Phy DF OF 
 1 Aleksander Barkov        Johnny Gaudreau          Alex DeBrincat           60     0   1  4  
 2 Dylan Larkin             Reilly Smith             Pavel Zacha              40     0   1  4  

PowerPlay Defense
   Defense                  Defense                                           Time % Phy DF OF 
 1 Brent Burns              Jaccob Slavin                                     60     1   1  3  
 2 Esa Lindell              Travis Hamonic                                    40     1   1  3  

Penalty Kill 4 Players Forward 
   Center                   Wing                     Time % Phy DF OF 
 1 Jean-Gabriel Pageau      Tanner Jeannot           60     1   3  1  
 2 Pavel Zacha              Jimmy Vesey              40     1   3  1  

Penalty Kill 4 Players Defense
   Defense                  Defense                  Time % Phy DF OF 
 1 Travis Hamonic           Jaccob Slavin            60     1   3  1  
 2 Esa Lindell              Luke Schenn              40     1   3  1  

Penalty Kill - 3 Players Forward 
   Forward                                           Time % Phy DF OF 
 1 Aleksander Barkov                                 60     1   3  1  
 2 Jean-Gabriel Pageau                               40     1   3  1  

Penalty Kill - 3 Players Defense
   Defense                  Defense                  Time % Phy DF OF 
 1 Brent Burns              Jaccob Slavin            60     1   3  1  
 2 Esa Lindell              Luke Schenn              40     1   3  1  

4 vs 4 Forward 
   Center                   Wing                     Time % Phy DF OF 
 1 Aleksander Barkov        Alex DeBrincat           60     1   2  2  
 2 Dylan Larkin             Johnny Gaudreau          40     1   2  2  

4 vs 4 Defense
   Defense                  Defense                  Time % Phy DF OF 
 1 Brent Burns              Jaccob Slavin            60     1   2  2  
 2 Esa Lindell              Luke Schenn              40     1   2  2  

Last Minutes Offensive
   Center                   Left Wing                Right Wing               Defense                  Defense                  
   Aleksander Barkov        Alex DeBrincat           Reilly Smith             Brent Burns              Jaccob Slavin            

Last Minutes Defensive
   Center                   Left Wing                Right Wing               Defense                  Defense                  
   Aleksander Barkov        Alex DeBrincat           Reilly Smith             Brent Burns              Jaccob Slavin            

Goaltenders
Starting : Juuse Saros              
Backup : Charlie Lindgren         

Extra Forwards
Normal : Jean-Gabriel Pageau, Jimmy Vesey, Tanner Jeannot - PP : Jean-Gabriel Pageau, Jimmy Vesey - PK : Tanner Jeannot
Extra Defensemen
Normal : Travis Hamonic, Dmitry Kulikov, Luke Schenn - PP : Travis Hamonic - PK : Dmitry Kulikov, Luke Schenn
Penalty Shots
Alex DeBrincat, Dylan Larkin, Johnny Gaudreau, Aleksander Barkov, Reilly Smith

Scratches
None


% Time on Ice - WINNIPEG Jets

Lines # - Real PCT - Wanted PCT - Time Play
Normal Forward
1 - 40% - 40% - 19:42
2 - 29% - 30% - 14:35
3 - 18% - 20% - 9:01
4 - 13% - 10% - 6:28
Normal Defense
1 - 41% - 40% - 20:21
2 - 31% - 30% - 15:32
3 - 20% - 20% - 9:46
4 - 8% - 10% - 4:07
PP Forward
1 - 55% - 60% - 2:11
2 - 45% - 40% - 1:47
PP Defense
1 - 60% - 60% - 2:22
2 - 40% - 40% - 1:36
PK Forward
1 - 71% - 60% - 1:24
2 - 29% - 40% - 0:35
PK Defense
1 - 53% - 60% - 1:03
2 - 47% - 40% - 0:56
PK3 Forward
1 - 100% - 60% - 1:59
2 - 0% - 40% - 0:00
PK3 Defense
1 - 88% - 60% - 1:45
2 - 12% - 40% - 0:14
44 Forward
1 - 83% - 60% - 1:39
2 - 17% - 40% - 0:20
44 Defense
1 - 100% - 60% - 1:59
2 - 0% - 40% - 0:00
Last Minute Offensive  - 0:00
Last Minute Defensive  - 0:19
Total
Forward - 60:00
Defense - 60:00

% Time on Ice - NASHVILLE Predators

Lines # - Real PCT - Wanted PCT - Time Play
Normal Forward
1 - 34% - 40% - 17:02
2 - 32% - 30% - 15:42
3 - 21% - 20% - 10:24
4 - 13% - 10% - 6:30
Normal Defense
1 - 38% - 40% - 18:43
2 - 32% - 30% - 15:51
3 - 24% - 20% - 11:52
4 - 6% - 10% - 3:12
PP Forward
1 - 45% - 60% - 0:53
2 - 55% - 40% - 1:06
PP Defense
1 - 45% - 60% - 0:53
2 - 55% - 40% - 1:06
PK Forward
1 - 91% - 60% - 3:37
2 - 9% - 40% - 0:21
PK Defense
1 - 52% - 60% - 2:03
2 - 48% - 40% - 1:55
PK3 Forward
1 - 0% - 60%
2 - 0% - 40%
PK3 Defense
1 - 0% - 60%
2 - 0% - 40%
44 Forward
1 - 68% - 60% - 2:43
2 - 32% - 40% - 1:15
44 Defense
1 - 69% - 60% - 2:45
2 - 31% - 40% - 1:13
Last Minute Offensive  - 0:27
Last Minute Defensive  - 0:00
Total
Forward - 60:00
Defense - 60:00

Play-by-Play

1st period


0:01 of 1st period - Logan Couture wins face-off versus Tanner Jeannot in neutral zone.
0:01 of 1st period - Travis Sanheim is hit by Tanner Jeannot and loses puck.
0:16 of 1st period - Shot by Tim Stutzle.
0:16 of 1st period - Shot Misses the Net.
0:30 of 1st period - Tim Stutzle is hit by Jaccob Slavin and loses puck.
0:41 of 1st period - Shot by Logan Couture.
0:41 of 1st period - Deflect By Clayton Keller.
0:41 of 1st period - Stopped by Juuse Saros without a rebound.
0:42 of 1st period - Dylan Larkin wins face-off versus Nick Suzuki in NASHVILLE Predators zone.
1:22 of 1st period - Brandon Hagel is hit by Dylan Larkin and loses puck.
1:36 of 1st period - Troy Terry is hit by Pavel Zacha and loses puck.
2:04 of 1st period - Icing by Travis Hamonic.
2:05 of 1st period - Jean-Gabriel Pageau wins face-off versus Radek Faksa in NASHVILLE Predators zone.
2:05 of 1st period - Jean-Gabriel Pageau is hit by Jaden Schwartz.
2:18 of 1st period - Jean-Gabriel Pageau is hit by Rasmus Dahlin and loses puck.
2:31 of 1st period - Shot by Jimmy Vesey.
2:31 of 1st period - Stopped by Jeremy Swayman with a rebound.
2:38 of 1st period - Shot by Jean-Gabriel Pageau.
2:38 of 1st period - Shot Blocked by Radek Faksa.
4:50 of 1st period - Shot by Dylan Larkin.
4:50 of 1st period - Shot Blocked by Miro Heiskanen.
6:13 of 1st period - Icing by Rasmus Dahlin.
6:14 of 1st period - Aleksander Barkov wins face-off versus Nick Suzuki in WINNIPEG Jets zone.
6:14 of 1st period - Aleksander Barkov is hit by Rasmus Dahlin.
6:20 of 1st period - Shot by Aleksander Barkov.
6:20 of 1st period - Stopped by Jeremy Swayman without a rebound.
6:21 of 1st period - Aleksander Barkov wins face-off versus Logan Couture in WINNIPEG Jets zone.
6:40 of 1st period - Luke Schenn is hit by Clayton Keller and loses puck.
7:28 of 1st period - Icing by Rasmus Dahlin.
7:29 of 1st period - Dylan Gambrell wins face-off versus Jaden Schwartz in WINNIPEG Jets zone.
9:00 of 1st period - Shot by Pavel Zacha.
9:00 of 1st period - Shot Misses the Net.
9:02 of 1st period - Shot by Dmitry Kulikov.
9:02 of 1st period - Stopped by Jeremy Swayman without a rebound.
9:03 of 1st period - Logan Couture wins face-off versus Aleksander Barkov in WINNIPEG Jets zone.
9:03 of 1st period - Logan Couture is hit by Tanner Jeannot.
9:25 of 1st period - Shot by Logan Couture.
9:25 of 1st period - Shot Blocked by Aleksander Barkov.
9:58 of 1st period - Icing by Trevor van Riemsdyk.
9:59 of 1st period - Jimmy Vesey wins face-off versus Logan Couture in WINNIPEG Jets zone.
9:59 of 1st period - Jimmy Vesey is hit by Brian Dumoulin.
10:43 of 1st period - Shot by Brandon Hagel.
10:43 of 1st period - Shot Misses the Net.
11:08 of 1st period - Shot by Brandon Hagel.
11:08 of 1st period - Stopped by Juuse Saros without a rebound.
11:09 of 1st period - Mathew Barzal wins face-off versus Dylan Larkin in NASHVILLE Predators zone.
11:14 of 1st period - Shot by Ilya Mikheyev.
11:14 of 1st period - Stopped by Juuse Saros with a rebound.
11:16 of 1st period - Shot by Mathew Barzal.
11:16 of 1st period - Stopped by Juuse Saros without a rebound.
11:17 of 1st period - Aleksander Barkov wins face-off versus Mathew Barzal in NASHVILLE Predators zone.
11:32 of 1st period - Shot by Alexander Kerfoot.
11:32 of 1st period - Shot Misses the Net.
11:34 of 1st period - Shot by Alexander Kerfoot.
11:34 of 1st period - Shot Misses the Net.
11:52 of 1st period - Shot by Ilya Mikheyev.
11:52 of 1st period - Stopped by Juuse Saros with a rebound.
12:00 of 1st period - Shot by Mathew Barzal.
12:00 of 1st period - Stopped by Juuse Saros without a rebound.
12:01 of 1st period - Dylan Larkin wins face-off versus Logan Couture in NASHVILLE Predators zone.
12:01 of 1st period - Dylan Larkin is hit by Logan Couture.
12:12 of 1st period - Clayton Keller is hit by Dmitry Kulikov and loses puck.
12:28 of 1st period - Logan Couture is hit by Travis Hamonic and loses puck.
12:41 of 1st period - Shot by Clayton Keller.
12:41 of 1st period - Stopped by Juuse Saros with a rebound.
12:43 of 1st period - Shot by Rasmus Dahlin.
12:43 of 1st period - Shot Misses the Net.
12:45 of 1st period - Shot by Logan Couture.
12:45 of 1st period - Shot Blocked by Travis Hamonic.
13:33 of 1st period - Shot by Jean-Gabriel Pageau.
13:33 of 1st period - Goal by Jean-Gabriel Pageau - WINNIPEG Jets : 0 - NASHVILLE Predators : 1.
13:34 of 1st period - Mathew Barzal wins face-off versus Alex DeBrincat in neutral zone.
13:51 of 1st period - Aleksander Barkov is hit by Alexander Kerfoot and loses puck.
13:58 of 1st period - Alexander Kerfoot is hit by Tanner Jeannot and loses puck.
15:17 of 1st period - Jaccob Slavin is hit by Clayton Keller and loses puck.
15:23 of 1st period - Icing by Brent Burns.
15:24 of 1st period - Nick Suzuki wins face-off versus Dylan Gambrell in NASHVILLE Predators zone.
15:33 of 1st period - Icing by Brandon Hagel.
15:34 of 1st period - Nick Suzuki wins face-off versus Aleksander Barkov in WINNIPEG Jets zone.
15:52 of 1st period - Shot by Troy Terry.
15:52 of 1st period - Goal by Troy Terry - WINNIPEG Jets : 1 - NASHVILLE Predators : 1.
15:53 of 1st period - Logan Couture wins face-off versus Dylan Larkin in neutral zone.
15:56 of 1st period - Pavel Zacha is hit by Tim Stutzle and loses puck.
16:09 of 1st period - Shot by Dylan Larkin.
16:09 of 1st period - Goal by Dylan Larkin - WINNIPEG Jets : 1 - NASHVILLE Predators : 2.
16:10 of 1st period - Aleksander Barkov wins face-off versus Nick Suzuki in neutral zone.
16:49 of 1st period - Shot by Alex DeBrincat.
16:49 of 1st period - Stopped by Jeremy Swayman with a rebound.
17:59 of 1st period - Reilly Smith is hit by Rasmus Dahlin and loses puck.
18:07 of 1st period - Jean-Gabriel Pageau is hit by Rasmus Dahlin and loses puck.
18:55 of 1st period - Off-side.
18:56 of 1st period - Nick Suzuki wins face-off versus Aleksander Barkov in neutral zone.
18:56 of 1st period - Brandon Hagel is hit by Tanner Jeannot and loses puck.
19:01 of 1st period - Shot by Nick Suzuki.
19:01 of 1st period - Shot Blocked by Brent Burns.
19:19 of 1st period - Shot by Brandon Hagel.
19:19 of 1st period - Shot Misses the Net.
19:21 of 1st period - Shot by Brian Dumoulin.
19:21 of 1st period - Goal by Brian Dumoulin - WINNIPEG Jets : 2 - NASHVILLE Predators : 2.
19:22 of 1st period - Dylan Larkin wins face-off versus Radek Faksa in neutral zone.
19:37 of 1st period - Johnny Gaudreau is hit by Kaapo Kakko and loses puck.
19:54 of 1st period - Shot by Jaden Schwartz.
19:54 of 1st period - Stopped by Juuse Saros without a rebound.
19:55 of 1st period - Nick Suzuki wins face-off versus Tanner Jeannot in NASHVILLE Predators zone.
19:59 of 1st period - Icing by Brent Burns.
Goals for this period are 2 for WINNIPEG Jets vs 2 for NASHVILLE Predators.
Shots for this period are 10 for WINNIPEG Jets vs 6 for NASHVILLE Predators.

2nd period


0:01 of 2nd period - Aleksander Barkov wins face-off versus Logan Couture in neutral zone.
0:12 of 2nd period - Shot by Aleksander Barkov.
0:12 of 2nd period - Stopped by Jeremy Swayman without a rebound.
0:13 of 2nd period - Dylan Larkin wins face-off versus Nick Suzuki in WINNIPEG Jets zone.
0:27 of 2nd period - Pavel Zacha is hit by Brian Dumoulin and loses puck.
0:43 of 2nd period - Shot by Dylan Larkin.
0:43 of 2nd period - Shot Misses the Net.
0:52 of 2nd period - Brian Dumoulin is hit by Brent Burns and loses puck.
1:26 of 2nd period - Minor Penalty to Tanner Jeannot for Delaying the game.
1:27 of 2nd period - Jean-Gabriel Pageau wins face-off versus Logan Couture in NASHVILLE Predators zone.
1:36 of 2nd period - Shot by Tim Stutzle.
1:36 of 2nd period - Stopped by Juuse Saros without a rebound.
1:37 of 2nd period - Jean-Gabriel Pageau wins face-off versus Logan Couture in NASHVILLE Predators zone.
1:37 of 2nd period - Jean-Gabriel Pageau is hit by Clayton Keller.
1:59 of 2nd period - Shot by Rasmus Dahlin.
1:59 of 2nd period - Stopped by Juuse Saros with a rebound.
2:05 of 2nd period - Shot by Miro Heiskanen.
2:05 of 2nd period - Stopped by Juuse Saros without a rebound.
2:06 of 2nd period - Jean-Gabriel Pageau wins face-off versus Logan Couture in NASHVILLE Predators zone.
2:59 of 2nd period - Shot by Brandon Hagel.
2:59 of 2nd period - Shot Misses the Net.
3:51 of 2nd period - Esa Lindell is hit by Jaden Schwartz and loses puck.
4:41 of 2nd period - Icing by Travis Sanheim.
4:42 of 2nd period - Mathew Barzal wins face-off versus Dylan Larkin in WINNIPEG Jets zone.
4:49 of 2nd period - Shot by Alexander Kerfoot.
4:49 of 2nd period - Shot Misses the Net.
5:25 of 2nd period - Icing by Dmitry Kulikov.
5:26 of 2nd period - Nick Suzuki wins face-off versus Pavel Zacha in NASHVILLE Predators zone.
5:43 of 2nd period - Icing by Trevor van Riemsdyk.
5:44 of 2nd period - Nick Suzuki wins face-off versus Aleksander Barkov in WINNIPEG Jets zone.
5:55 of 2nd period - Shot by Aleksander Barkov.
5:55 of 2nd period - Shot Misses the Net.
5:57 of 2nd period - Shot by Aleksander Barkov.
5:57 of 2nd period - Deflect By Tanner Jeannot.
5:57 of 2nd period - Shot Misses the Net.
6:01 of 2nd period - Shot by Tanner Jeannot.
6:01 of 2nd period - Stopped by Jeremy Swayman without a rebound.
6:02 of 2nd period - Tim Stutzle wins face-off versus Jean-Gabriel Pageau in WINNIPEG Jets zone.
6:15 of 2nd period - Shot by Clayton Keller.
6:15 of 2nd period - Goal by Clayton Keller - WINNIPEG Jets : 3 - NASHVILLE Predators : 2.
6:16 of 2nd period - Aleksander Barkov wins face-off versus Mathew Barzal in neutral zone.
6:23 of 2nd period - Icing by Alexander Kerfoot.
6:24 of 2nd period - Mathew Barzal wins face-off versus Aleksander Barkov in WINNIPEG Jets zone.
7:03 of 2nd period - Shot by Aleksander Barkov.
7:03 of 2nd period - Stopped by Jeremy Swayman without a rebound.
7:04 of 2nd period - Jean-Gabriel Pageau wins face-off versus Logan Couture in WINNIPEG Jets zone.
7:42 of 2nd period - Shot by Jimmy Vesey.
7:42 of 2nd period - Stopped by Jeremy Swayman without a rebound.
7:43 of 2nd period - Dylan Larkin wins face-off versus Nick Suzuki in WINNIPEG Jets zone.
7:45 of 2nd period - Johnny Gaudreau is hit by Brian Dumoulin and loses puck.
8:12 of 2nd period - Johnny Gaudreau is hit by Trevor van Riemsdyk and loses puck.
8:23 of 2nd period - Dmitry Kulikov is hit by Brandon Hagel.
8:36 of 2nd period - Icing by Brandon Hagel.
8:37 of 2nd period - Tanner Jeannot wins face-off versus Nick Suzuki in WINNIPEG Jets zone.
8:37 of 2nd period - Jaccob Slavin is hit by Trevor van Riemsdyk and loses puck.
8:52 of 2nd period - Shot by Tim Stutzle.
8:52 of 2nd period - Stopped by Juuse Saros with a rebound.
9:05 of 2nd period - Shot by Clayton Keller.
9:05 of 2nd period - Stopped by Juuse Saros with a rebound.
9:07 of 2nd period - Shot by Logan Couture.
9:07 of 2nd period - Shot Misses the Net.
9:28 of 2nd period - Icing by Rasmus Dahlin.
9:29 of 2nd period - Tim Stutzle wins face-off versus Jean-Gabriel Pageau in WINNIPEG Jets zone.
10:20 of 2nd period - Icing by Evan Bouchard.
10:21 of 2nd period - Mathew Barzal wins face-off versus Dylan Larkin in WINNIPEG Jets zone.
10:21 of 2nd period - Evan Bouchard is hit by Pavel Zacha and loses puck.
10:26 of 2nd period - Shot by Dylan Larkin.
10:26 of 2nd period - Stopped by Jeremy Swayman without a rebound.
10:27 of 2nd period - Aleksander Barkov wins face-off versus Nick Suzuki in WINNIPEG Jets zone.
10:56 of 2nd period - Shot by Aleksander Barkov.
10:56 of 2nd period - Shot Blocked by Brian Dumoulin.
11:22 of 2nd period - Shot by Alexander Kerfoot.
11:22 of 2nd period - Shot Misses the Net.
12:26 of 2nd period - Logan Couture is hit by Dylan Larkin and loses puck.
12:34 of 2nd period - Icing by Travis Sanheim.
12:35 of 2nd period - Jean-Gabriel Pageau wins face-off versus Logan Couture in WINNIPEG Jets zone.
12:42 of 2nd period - Shot by Jimmy Vesey.
12:42 of 2nd period - Shot Misses the Net.
12:44 of 2nd period - Shot by Jimmy Vesey.
12:44 of 2nd period - Stopped by Jeremy Swayman without a rebound.
12:45 of 2nd period - Radek Faksa wins face-off versus Dylan Gambrell in WINNIPEG Jets zone.
13:01 of 2nd period - Icing by Brian Dumoulin.
13:02 of 2nd period - Aleksander Barkov wins face-off versus Radek Faksa in WINNIPEG Jets zone.
13:15 of 2nd period - Shot by Jaden Schwartz.
13:15 of 2nd period - Stopped by Juuse Saros without a rebound.
13:16 of 2nd period - Dylan Larkin wins face-off versus Logan Couture in NASHVILLE Predators zone.
13:20 of 2nd period - Luke Schenn is hit by Rasmus Dahlin and loses puck.
13:35 of 2nd period - Shot by Dylan Larkin.
13:35 of 2nd period - Stopped by Jeremy Swayman without a rebound.
13:36 of 2nd period - Nick Suzuki wins face-off versus Aleksander Barkov in WINNIPEG Jets zone.
13:36 of 2nd period - Nick Suzuki is hit by Tanner Jeannot.
13:42 of 2nd period - Shot by Brandon Hagel.
13:42 of 2nd period - Stopped by Juuse Saros without a rebound.
13:43 of 2nd period - Aleksander Barkov wins face-off versus Logan Couture in NASHVILLE Predators zone.
13:53 of 2nd period - Shot by Brent Burns.
13:53 of 2nd period - Stopped by Jeremy Swayman without a rebound.
13:54 of 2nd period - Jean-Gabriel Pageau wins face-off versus Nick Suzuki in WINNIPEG Jets zone.
13:54 of 2nd period - Jean-Gabriel Pageau is hit by Evan Bouchard.
13:58 of 2nd period - Shot by Reilly Smith.
13:58 of 2nd period - Stopped by Jeremy Swayman without a rebound.
13:59 of 2nd period - Logan Couture wins face-off versus Alex DeBrincat in WINNIPEG Jets zone.
14:21 of 2nd period - Shot by Tim Stutzle.
14:21 of 2nd period - Stopped by Juuse Saros without a rebound.
14:22 of 2nd period - Jean-Gabriel Pageau wins face-off versus Nick Suzuki in NASHVILLE Predators zone.
14:27 of 2nd period - Troy Terry is hit by Jean-Gabriel Pageau and loses puck.
15:06 of 2nd period - Shot by Brandon Hagel.
15:06 of 2nd period - Stopped by Juuse Saros without a rebound.
15:07 of 2nd period - Tim Stutzle wins face-off versus Aleksander Barkov in NASHVILLE Predators zone.
16:32 of 2nd period - Shot by Dylan Larkin.
16:32 of 2nd period - Shot Blocked by Travis Sanheim.
16:36 of 2nd period - Shot by Dylan Larkin.
16:36 of 2nd period - Goal by Dylan Larkin - WINNIPEG Jets : 3 - NASHVILLE Predators : 3.
16:37 of 2nd period - Nick Suzuki wins face-off versus Jean-Gabriel Pageau in neutral zone.
16:39 of 2nd period - Miro Heiskanen is hit by Dmitry Kulikov and loses puck.
16:49 of 2nd period - Jean-Gabriel Pageau is hit by Evan Bouchard and loses puck.
16:58 of 2nd period - Shot by Jean-Gabriel Pageau.
16:58 of 2nd period - Stopped by Jeremy Swayman without a rebound.
16:59 of 2nd period - Aleksander Barkov wins face-off versus Mathew Barzal in WINNIPEG Jets zone.
17:30 of 2nd period - Icing by Brian Dumoulin.
17:31 of 2nd period - Dylan Larkin wins face-off versus Mathew Barzal in WINNIPEG Jets zone.
17:32 of 2nd period - Shot by Esa Lindell.
17:32 of 2nd period - Shot Misses the Net.
18:00 of 2nd period - Icing by Luke Schenn.
18:01 of 2nd period - Dylan Larkin wins face-off versus Nick Suzuki in NASHVILLE Predators zone.
18:01 of 2nd period - Dylan Larkin is hit by Nick Suzuki.
18:13 of 2nd period - Shot by Brandon Hagel.
18:13 of 2nd period - Shot Blocked by Luke Schenn.
18:15 of 2nd period - Shot by Brandon Hagel.
18:15 of 2nd period - Stopped by Juuse Saros without a rebound.
18:16 of 2nd period - Logan Couture wins face-off versus Alex DeBrincat in NASHVILLE Predators zone.
18:25 of 2nd period - Shot by Tim Stutzle.
18:25 of 2nd period - Stopped by Juuse Saros without a rebound.
18:26 of 2nd period - Aleksander Barkov wins face-off versus Logan Couture in NASHVILLE Predators zone.
19:46 of 2nd period - Icing by Miro Heiskanen.
19:47 of 2nd period - Nick Suzuki wins face-off versus Jean-Gabriel Pageau in WINNIPEG Jets zone.
Goals for this period are 1 for WINNIPEG Jets vs 1 for NASHVILLE Predators.
Shots for this period are 12 for WINNIPEG Jets vs 11 for NASHVILLE Predators.

3rd period


0:01 of 3rd period - Logan Couture wins face-off versus Aleksander Barkov in neutral zone.
0:03 of 3rd period - Rasmus Dahlin is hit by Esa Lindell and loses puck.
0:22 of 3rd period - Shot by Tim Stutzle.
0:22 of 3rd period - Deflect By Clayton Keller.
0:22 of 3rd period - Stopped by Juuse Saros with a rebound.
1:18 of 3rd period - Shot by Johnny Gaudreau.
1:18 of 3rd period - Shot Misses the Net.
1:20 of 3rd period - Shot by Travis Hamonic.
1:20 of 3rd period - Shot Blocked by Travis Sanheim.
1:22 of 3rd period - Shot by Johnny Gaudreau.
1:22 of 3rd period - Stopped by Jeremy Swayman without a rebound.
1:23 of 3rd period - Nick Suzuki wins face-off versus Reilly Smith in WINNIPEG Jets zone.
1:33 of 3rd period - Brent Burns is hit by Brandon Hagel and loses puck.
1:54 of 3rd period - Minor Penalty to Brent Burns for Slashing.
1:55 of 3rd period - Jean-Gabriel Pageau wins face-off versus Brandon Hagel in NASHVILLE Predators zone.
2:10 of 3rd period - Shot by Nick Suzuki.
2:10 of 3rd period - Shot Blocked by Esa Lindell.
2:12 of 3rd period - Shot by Brandon Hagel.
2:12 of 3rd period - Stopped by Juuse Saros without a rebound.
2:13 of 3rd period - Nick Suzuki wins face-off versus Jean-Gabriel Pageau in NASHVILLE Predators zone.
2:16 of 3rd period - Shot by Brandon Hagel.
2:16 of 3rd period - Stopped by Juuse Saros without a rebound.
2:17 of 3rd period - Logan Couture wins face-off versus Jean-Gabriel Pageau in NASHVILLE Predators zone.
3:06 of 3rd period - Shot by Brandon Hagel.
3:06 of 3rd period - Shot Blocked by Pavel Zacha.
3:49 of 3rd period - Shot by Tim Stutzle.
3:49 of 3rd period - Stopped by Juuse Saros with a rebound.
3:53 of 3rd period - Shot by Evan Bouchard.
3:53 of 3rd period - Stopped by Juuse Saros without a rebound.
3:54 of 3rd period - Pavel Zacha wins face-off versus Jaden Schwartz in NASHVILLE Predators zone.
3:54 of 3rd period - Pavel Zacha is hit by Radek Faksa.
4:12 of 3rd period - Shot by Kaapo Kakko.
4:12 of 3rd period - Shot Misses the Net.
4:14 of 3rd period - Shot by Trevor van Riemsdyk.
4:14 of 3rd period - Shot Misses the Net.
4:16 of 3rd period - Shot by Trevor van Riemsdyk.
4:16 of 3rd period - Stopped by Juuse Saros without a rebound.
4:17 of 3rd period - Dylan Gambrell wins face-off versus Mathew Barzal in NASHVILLE Predators zone.
4:29 of 3rd period - Icing by Mathew Barzal.
4:30 of 3rd period - Mathew Barzal wins face-off versus Jean-Gabriel Pageau in WINNIPEG Jets zone.
4:39 of 3rd period - Shot by Alexander Kerfoot.
4:39 of 3rd period - Shot Misses the Net.
4:41 of 3rd period - Shot by Alexander Kerfoot.
4:41 of 3rd period - Shot Misses the Net.
4:43 of 3rd period - Shot by Miro Heiskanen.
4:43 of 3rd period - Goal by Miro Heiskanen - WINNIPEG Jets : 4 - NASHVILLE Predators : 3.
4:44 of 3rd period - Dylan Larkin wins face-off versus Logan Couture in neutral zone.
4:47 of 3rd period - Shot by Pavel Zacha.
4:47 of 3rd period - Deflect By Johnny Gaudreau.
4:47 of 3rd period - Shot Blocked by Rasmus Dahlin.
5:01 of 3rd period - Shot by Clayton Keller.
5:01 of 3rd period - Shot Misses the Net.
5:07 of 3rd period - Shot by Tim Stutzle.
5:07 of 3rd period - Deflect By Logan Couture.
5:07 of 3rd period - Shot Blocked by Esa Lindell.
5:17 of 3rd period - Shot by Clayton Keller.
5:17 of 3rd period - Stopped by Juuse Saros without a rebound.
5:18 of 3rd period - Nick Suzuki wins face-off versus Aleksander Barkov in NASHVILLE Predators zone.
5:44 of 3rd period - Minor Penalty to Miro Heiskanen for Interference.
5:45 of 3rd period - Nick Suzuki wins face-off versus Dylan Larkin in WINNIPEG Jets zone.
5:58 of 3rd period - Shot by Travis Hamonic.
5:58 of 3rd period - Shot Misses the Net.
6:08 of 3rd period - Shot by Dylan Larkin.
6:08 of 3rd period - Shot Misses the Net.
6:10 of 3rd period - Shot by Esa Lindell.
6:10 of 3rd period - Shot Misses the Net.
6:12 of 3rd period - Shot by Pavel Zacha.
6:12 of 3rd period - Stopped by Jeremy Swayman without a rebound.
6:13 of 3rd period - Nick Suzuki wins face-off versus Aleksander Barkov in WINNIPEG Jets zone.
6:22 of 3rd period - Shot by Aleksander Barkov.
6:22 of 3rd period - Stopped by Jeremy Swayman with a rebound.
6:24 of 3rd period - Shot by Aleksander Barkov.
6:24 of 3rd period - Shot Misses the Net.
7:09 of 3rd period - Icing by Reilly Smith.
7:10 of 3rd period - Reilly Smith wins face-off versus Nick Suzuki in NASHVILLE Predators zone.
7:36 of 3rd period - Shot by Travis Hamonic.
7:36 of 3rd period - Deflect By Dylan Larkin.
7:36 of 3rd period - Shot Misses the Net.
7:38 of 3rd period - Shot by Travis Hamonic.
7:38 of 3rd period - Shot Misses the Net.
7:40 of 3rd period - Shot by Pavel Zacha.
7:40 of 3rd period - Stopped by Jeremy Swayman without a rebound.
7:41 of 3rd period - Radek Faksa wins face-off versus Aleksander Barkov in WINNIPEG Jets zone.
8:17 of 3rd period - Jonatan Berggren is hit by Logan Couture and loses puck.
8:22 of 3rd period - Shot by Nicholas Robertson.
8:22 of 3rd period - Stopped by Jeremy Swayman without a rebound.
8:23 of 3rd period - Aleksander Barkov wins face-off versus Radek Faksa in WINNIPEG Jets zone.
9:06 of 3rd period - Travis Sanheim is hit by Tanner Jeannot and loses puck.
10:03 of 3rd period - Shot by Brandon Hagel.
10:03 of 3rd period - Stopped by Juuse Saros without a rebound.
10:04 of 3rd period - Jean-Gabriel Pageau wins face-off versus Clayton Keller in NASHVILLE Predators zone.
10:04 of 3rd period - Luke Schenn beats up Logan Couture.
10:04 of 3rd period - Penalty to Luke Schenn for Fighting.
10:04 of 3rd period - Penalty to Logan Couture for Fighting.
10:04 of 3rd period - Jimmy Vesey and Clayton Keller fight to a draw.
10:04 of 3rd period - Penalty to Jimmy Vesey for Fighting.
10:04 of 3rd period - Penalty to Clayton Keller for Fighting.
10:04 of 3rd period - Tim Stutzle beats up Jean-Gabriel Pageau.
10:04 of 3rd period - Penalty to Jean-Gabriel Pageau for Fighting.
10:04 of 3rd period - Penalty to Tim Stutzle for Fighting.
10:04 of 3rd period - Penalty to Tim Stutzle for instigated a fight.
10:04 of 3rd period - Tim Stutzle is ejected from game.
10:04 of 3rd period - Minor Penalty to Esa Lindell for Roughing.
10:04 of 3rd period - Minor Penalty to Reilly Smith for Slashing.
10:04 of 3rd period - Minor Penalty to Miro Heiskanen for High sticking.
10:04 of 3rd period - Minor Penalty to Evan Bouchard for Cross-checking.
10:05 of 3rd period - Aleksander Barkov wins face-off versus Troy Terry in NASHVILLE Predators zone.
10:30 of 3rd period - Shot by Aleksander Barkov.
10:30 of 3rd period - Stopped by Jeremy Swayman without a rebound.
10:31 of 3rd period - Aleksander Barkov wins face-off versus Troy Terry in WINNIPEG Jets zone.
11:34 of 3rd period - Shot by Dylan Larkin.
11:34 of 3rd period - Stopped by Jeremy Swayman with a rebound.
11:36 of 3rd period - Shot by Dylan Larkin.
11:36 of 3rd period - Shot Misses the Net.
11:38 of 3rd period - Shot by Dylan Larkin.
11:38 of 3rd period - Shot Misses the Net.
11:57 of 3rd period - Icing by Dylan Larkin.
11:58 of 3rd period - Dylan Larkin wins face-off versus Troy Terry in NASHVILLE Predators zone.
12:33 of 3rd period - Shot by Reilly Smith.
12:33 of 3rd period - Deflect By Tanner Jeannot.
12:33 of 3rd period - Shot Misses the Net.
12:42 of 3rd period - Icing by Nick Suzuki.
12:43 of 3rd period - Dylan Gambrell wins face-off versus Troy Terry in WINNIPEG Jets zone.
13:38 of 3rd period - Minor Penalty to Dylan Larkin for Slashing.
13:38 of 3rd period - Minor Penalty to Travis Sanheim for Roughing.
13:39 of 3rd period - Aleksander Barkov wins face-off versus Mathew Barzal in WINNIPEG Jets zone.
14:02 of 3rd period - Shot by Mathew Barzal.
14:02 of 3rd period - Stopped by Juuse Saros with a rebound.
14:34 of 3rd period - Icing by Mathew Barzal.
14:35 of 3rd period - Mathew Barzal wins face-off versus Aleksander Barkov in WINNIPEG Jets zone.
15:02 of 3rd period - Shot by Miro Heiskanen.
15:02 of 3rd period - Stopped by Juuse Saros without a rebound.
15:03 of 3rd period - Tanner Jeannot wins face-off versus Mathew Barzal in NASHVILLE Predators zone.
15:11 of 3rd period - Shot by Jaccob Slavin.
15:11 of 3rd period - Stopped by Jeremy Swayman without a rebound.
15:12 of 3rd period - Aleksander Barkov wins face-off versus Mathew Barzal in WINNIPEG Jets zone.
16:01 of 3rd period - Dmitry Kulikov is hit by Logan Couture and loses puck.
16:25 of 3rd period - Icing by Clayton Keller.
16:26 of 3rd period - Clayton Keller wins face-off versus Jean-Gabriel Pageau in WINNIPEG Jets zone.
16:34 of 3rd period - Rasmus Dahlin is hit by Brent Burns.
16:59 of 3rd period - Icing by Jaccob Slavin.
17:00 of 3rd period - Reilly Smith wins face-off versus Radek Faksa in NASHVILLE Predators zone.
17:18 of 3rd period - Icing by Brent Burns.
17:19 of 3rd period - Jean-Gabriel Pageau wins face-off versus Mathew Barzal in NASHVILLE Predators zone.
17:36 of 3rd period - Shot by Alexander Kerfoot.
17:36 of 3rd period - Deflect By Ilya Mikheyev.
17:36 of 3rd period - Shot Misses the Net.
17:38 of 3rd period - Shot by Trevor van Riemsdyk.
17:38 of 3rd period - Shot Misses the Net.
17:40 of 3rd period - Shot by Trevor van Riemsdyk.
17:40 of 3rd period - Stopped by Juuse Saros without a rebound.
17:41 of 3rd period - Radek Faksa wins face-off versus Aleksander Barkov in NASHVILLE Predators zone.
18:01 of 3rd period - Icing by Miro Heiskanen.
18:02 of 3rd period - Radek Faksa wins face-off versus Dylan Larkin in WINNIPEG Jets zone.
18:06 of 3rd period - Miro Heiskanen is hit by Dmitry Kulikov and loses puck.
18:27 of 3rd period - Shot by Dylan Larkin.
18:27 of 3rd period - Stopped by Jeremy Swayman without a rebound.
18:28 of 3rd period - Nick Suzuki wins face-off versus Aleksander Barkov in WINNIPEG Jets zone.
19:03 of 3rd period - Shot by Troy Terry.
19:03 of 3rd period - Shot Blocked by Jaccob Slavin.
19:12 of 3rd period - Troy Terry is hit by Tanner Jeannot and loses puck.
19:30 of 3rd period - Icing by Jean-Gabriel Pageau.
19:31 of 3rd period - Jean-Gabriel Pageau wins face-off versus Logan Couture in NASHVILLE Predators zone.
19:36 of 3rd period - NASHVILLE Predators, Juuse Saros is pulled from the net.
19:36 of 3rd period - Shot by Jean-Gabriel Pageau.
19:36 of 3rd period - Shot Blocked by Trevor van Riemsdyk.
19:41 of 3rd period - Jean-Gabriel Pageau is hit by Brian Dumoulin and loses puck.
19:46 of 3rd period - Shot by Jimmy Vesey.
19:46 of 3rd period - Goal by Jimmy Vesey - WINNIPEG Jets : 4 - NASHVILLE Predators : 4.
19:46 of 3rd period - Juuse Saros from NASHVILLE Predators was sent back in the game.
19:47 of 3rd period - Radek Faksa wins face-off versus Dylan Larkin in neutral zone.
Goals for this period are 1 for WINNIPEG Jets vs 1 for NASHVILLE Predators.
Shots for this period are 12 for WINNIPEG Jets vs 10 for NASHVILLE Predators.

Overtime #1


0:01 of 1st overtime period - Aleksander Barkov wins face-off versus Radek Faksa in neutral zone.
0:12 of 1st overtime period - Shot by Brent Burns.
0:12 of 1st overtime period - Stopped by Jeremy Swayman without a rebound.
0:13 of 1st overtime period - Aleksander Barkov wins face-off versus Radek Faksa in WINNIPEG Jets zone.
0:23 of 1st overtime period - Icing by Radek Faksa.
0:24 of 1st overtime period - Aleksander Barkov wins face-off versus Radek Faksa in WINNIPEG Jets zone.
0:33 of 1st overtime period - Shot by Aleksander Barkov.
0:33 of 1st overtime period - Stopped by Jeremy Swayman without a rebound.
0:34 of 1st overtime period - Radek Faksa wins face-off versus Aleksander Barkov in WINNIPEG Jets zone.
0:49 of 1st overtime period - Shot by Alexander Kerfoot.
0:49 of 1st overtime period - Stopped by Juuse Saros with a rebound.
1:05 of 1st overtime period - Shot by Radek Faksa.
1:05 of 1st overtime period - Stopped by Juuse Saros without a rebound.
1:06 of 1st overtime period - Radek Faksa wins face-off versus Aleksander Barkov in NASHVILLE Predators zone.
1:25 of 1st overtime period - Shot by Alexander Kerfoot.
1:25 of 1st overtime period - Shot Blocked by Alex DeBrincat.
1:27 of 1st overtime period - Shot by Radek Faksa.
1:27 of 1st overtime period - Shot Misses the Net.
1:29 of 1st overtime period - Shot by Radek Faksa.
1:29 of 1st overtime period - Shot Misses the Net.
1:31 of 1st overtime period - Shot by Radek Faksa.
1:31 of 1st overtime period - Shot Hit the Post.
2:23 of 1st overtime period - Shot by Johnny Gaudreau.
2:23 of 1st overtime period - Shot Misses the Net.
2:31 of 1st overtime period - Shot by Johnny Gaudreau.
2:31 of 1st overtime period - Goal by Johnny Gaudreau - WINNIPEG Jets : 4 - NASHVILLE Predators : 5.
Goals for this period are 0 for WINNIPEG Jets vs 1 for NASHVILLE Predators.
Shots for this period are 2 for WINNIPEG Jets vs 3 for NASHVILLE Predators. Output by the SimonT Hockey Simulator (STHS) for Martin Benoit - Original Page W3C HTML5 Valid
Hockey Simulator - Hockey Simulation - Hockey Manager